SAAA
JERSEY CITY SUN CAPS @ TORTOLITA DRUMMERS
08/07/2020
 
TOP OF THE 1ST
Jersey City Sun Caps batting - Pitching for Tortolita Drummers : RHP Armando Hernández
Pitching: RHP Armando Hernández
Batting: RHB Ken Miller 0-0: Ball
1-0: Swinging Strike
1-1: Fly out, F7 (Flyball, 7M)
Batting: RHB Jonah Moody 0-0: Ball
1-0: Ball
2-0: Ground out 5-3 (Groundball, 5S)
Batting: RHB Christian O'Neal 0-0: Called Strike
0-1: Ball
1-1: Called Strike
1-2: Foul Ball, location: 2F
1-2: Ball
2-2: Ball
3-2: Foul Ball, location: 2F
3-2: SINGLE (Flyball, 8LS)
Batting: LHB Miguel Martínez 0-0: Called Strike
0-1: Ball
1-1: Ball
2-1: Ball
3-1: Fly out, F8 (Flyball, 8RM)
Top of the 1st over - 0 run(s), 1 hit(s), 0 error(s), 1 left on base; Jersey City 0 - Tortolita 0
BOTTOM OF THE 1ST
Tortolita Drummers batting - Pitching for Jersey City Sun Caps : RHP Jim Unknown
Pitching: RHP Jim Unknown
Batting: RHB Dan Lewis 0-0: Swinging Strike
0-1: SOLO HOME RUN (Line Drive, 7D), Distance : 370 ft
Batting: RHB Ron Humboldt 0-0: Ground out 3-1 (Groundball, 34)
Batting: LHB Keith Spear 0-0: Ball
1-0: Ball
2-0: Foul Ball, location: 2F
2-1: Ball
3-1: SINGLE (Groundball, 4MD)
Batting: LHB Pat McJannett 0-0: Ball
1-0: Swinging Strike
1-1: Foul Ball, location: 2F
1-2: Ball
2-2: Strikes out swinging
Batting: RHB Lonnie Conrad 0-0: Called Strike
0-1: SINGLE (Groundball, 56)
Keith Spear to second
Batting: LHB Jesse Taylor 0-0: Foul Ball, location: 2F
0-1: Foul Ball, location: 2F
0-2: Ball
1-2: Ground out 1-3 (Groundball, 13S)
Bottom of the 1st over - 1 run(s), 3 hit(s), 0 error(s), 2 left on base; Jersey City 0 - Tortolita 1
TOP OF THE 2ND
Jersey City Sun Caps batting - Pitching for Tortolita Drummers : RHP Armando Hernández
Batting: RHB Brandon Reed 0-0: Ball
1-0: Ball
2-0: Ball
3-0: Base on Balls
Batting: LHB Rick Watson 0-0: Grounds into double play, 4-6-3 (Groundball, 4)
Batting: RHB Christian O'Dell 0-0: Called Strike
0-1: SINGLE (Line Drive, 89M)
Batting: RHB Tony Quintana 0-0: SINGLE (Groundball, 5L)
Christian O'Dell to second
Batting: RHB Roy Williams 0-0: Called Strike
0-1: Swinging Strike
0-2: Ball
1-2: Strikes out looking
Top of the 2nd over - 0 run(s), 2 hit(s), 0 error(s), 2 left on base; Jersey City 0 - Tortolita 1
BOTTOM OF THE 2ND
Tortolita Drummers batting - Pitching for Jersey City Sun Caps : RHP Jim Unknown
Batting: RHB Richard Ollivier 0-0: Ball
1-0: Ball
2-0: Called Strike
2-1: Ball
3-1: Called Strike
3-2: Base on Balls
Batting: RHB Jim Harris 0-0: Called Strike
0-1: Foul Ball, location: 2F
0-2: Foul Ball, location: 2F
0-2: Ball
1-2: Foul Ball, location: 2F
1-2: Ball
2-2: Ball
3-2: Fielders Choice at 2nd, 3-6 (Groundball, 3)
Batting: RHB Ray Whittier 0-0: Called Strike
Jim Harris steals 2nd base
0-1: Called Strike
0-2: Foul Ball, location: 2F
0-2: Foul Ball, location: 2F
0-2: Ball
1-2: Ball
2-2: Ball
3-2: Fly out, F7 (Line Drive, 78M)
Batting: RHB Dan Lewis 0-0: Ground out 5-3 (Groundball, 56)
Bottom of the 2nd over - 0 run(s), 0 hit(s), 0 error(s), 1 left on base; Jersey City 0 - Tortolita 1
TOP OF THE 3RD
Jersey City Sun Caps batting - Pitching for Tortolita Drummers : RHP Armando Hernández
Batting: RHB Ken Miller 0-0: Called Strike
0-1: Called Strike
0-2: Ball
1-2: Ball
2-2: Fly out, F8 (Line Drive, 8LS)
Batting: RHB Jonah Moody 0-0: Called Strike
0-1: Foul Ball, location: 2F
0-2: Ball
1-2: Strikes out swinging
Batting: RHB Christian O'Neal 0-0: Ball
1-0: Ground out 5-3 (Groundball, 56S)
Top of the 3rd over - 0 run(s), 0 hit(s), 0 error(s), 0 left on base; Jersey City 0 - Tortolita 1
BOTTOM OF THE 3RD
Tortolita Drummers batting - Pitching for Jersey City Sun Caps : RHP Jim Unknown
Batting: RHB Ron Humboldt 0-0: Ball
1-0: Swinging Strike
1-1: Ball
2-1: Foul Ball, location: 2F
2-2: Strikes out looking
Batting: LHB Keith Spear 0-0: Swinging Strike
0-1: Ball
1-1: Called Strike
1-2: Foul Ball, location: 2F
1-2: Ground out 1-3 (Groundball, 15)
Batting: LHB Pat McJannett 0-0: Called Strike
0-1: Foul Ball, location: 2F
0-2: Strikes out swinging, 2-3 out at first.
Bottom of the 3rd over - 0 run(s), 0 hit(s), 0 error(s), 0 left on base; Jersey City 0 - Tortolita 1
TOP OF THE 4TH
Jersey City Sun Caps batting - Pitching for Tortolita Drummers : RHP Armando Hernández
Batting: LHB Miguel Martínez 0-0: Ground out 4-3 (Groundball, 4)
Batting: RHB Brandon Reed 0-0: Ball
1-0: Ball
2-0: Ball
3-0: Base on Balls
Batting: LHB Rick Watson 0-0: Called Strike
0-1: Ball
1-1: Grounds into double play, 6-4-3 (Groundball, 6M)
Top of the 4th over - 0 run(s), 0 hit(s), 0 error(s), 0 left on base; Jersey City 0 - Tortolita 1
BOTTOM OF THE 4TH
Tortolita Drummers batting - Pitching for Jersey City Sun Caps : RHP Jim Unknown
Batting: RHB Lonnie Conrad 0-0: Ground out 6-3 (Groundball, 6M)
Batting: LHB Jesse Taylor 0-0: Called Strike
0-1: Ball
1-1: Ball
2-1: Ball
3-1: Base on Balls
Batting: RHB Richard Ollivier 0-0: Called Strike
0-1: Ball
1-1: Ball
2-1: Ball
3-1: Called Strike
3-2: Foul Ball, location: 2F
3-2: Foul Ball, location: 2F
3-2: SINGLE (Groundball, 5D)
Jesse Taylor to second
Batting: RHB Jim Harris 0-0: Fielders Choice at 2nd, 6-4 (Groundball, 6M)
Jesse Taylor to third
Batting: RHB Ray Whittier 0-0: Called Strike
0-1: Fly out, F6 (Popup, 6S)
Bottom of the 4th over - 0 run(s), 1 hit(s), 0 error(s), 2 left on base; Jersey City 0 - Tortolita 1
TOP OF THE 5TH
Jersey City Sun Caps batting - Pitching for Tortolita Drummers : RHP Armando Hernández
Batting: RHB Christian O'Dell 0-0: Called Strike
0-1: Swinging Strike
0-2: Ball
1-2: Strikes out swinging
Batting: RHB Tony Quintana 0-0: Fly out, F7 (Flyball, 7LDF)
Batting: RHB Roy Williams 0-0: Ball
1-0: Ball
2-0: Called Strike
2-1: Ground out 6-3 (Groundball, 6)
Top of the 5th over - 0 run(s), 0 hit(s), 0 error(s), 0 left on base; Jersey City 0 - Tortolita 1
BOTTOM OF THE 5TH
Tortolita Drummers batting - Pitching for Jersey City Sun Caps : RHP Jim Unknown
Batting: RHB Dan Lewis 0-0: Ball
1-0: Swinging Strike
1-1: Foul Ball, location: 2F
1-2: Ball
2-2: Foul Ball, location: 2F
2-2: Foul Ball, location: 2F
2-2: SINGLE (Flyball, 78S)
Batting: RHB Ron Humboldt 0-0: Called Strike
0-1: Ball
1-1: Ball
2-1: Bunted foul
2-2: Foul Ball, location: 2F
2-2: Ball
3-2: SINGLE (Groundball, 34)
Dan Lewis to second
Dan Lewis to third
Batting: LHB Keith Spear 0-0: Fly out, F5 (Popup, 5F)
Batting: LHB Pat McJannett 0-0: DOUBLE (Line Drive, 89XD)
Dan Lewis scores
Ron Humboldt to third
Batting: RHB Lonnie Conrad 0-0: Called Strike
0-1: Ball
1-1: Ball
2-1: Ball
3-1: Foul Ball, location: 2F
3-2: Base on Balls
Batting: LHB Jesse Taylor 0-0: Ball
1-0: Ball
2-0: Swinging Strike
2-1: Called Strike
2-2: SINGLE (Groundball, 6MD)
Ron Humboldt scores
Pat McJannett to third
Lonnie Conrad to second
Batting: RHB Richard Ollivier 0-0: Ball
1-0: Called Strike
1-1: Ball
2-1: Ball
3-1: Called Strike
3-2: Grounds into double play, 6-4-3 (Groundball, 6)
Bottom of the 5th over - 2 run(s), 4 hit(s), 0 error(s), 2 left on base; Jersey City 0 - Tortolita 3
TOP OF THE 6TH
Jersey City Sun Caps batting - Pitching for Tortolita Drummers : RHP Armando Hernández
Batting: RHB Ken Miller 0-0: Ground out 5-3 (Groundball, 5S)
Batting: RHB Jonah Moody 0-0: Ball
1-0: SINGLE (Line Drive, 9S)
Batting: RHB Christian O'Neal 0-0: Ball
1-0: Foul Ball, location: 2F
1-1: Ball
2-1: Called Strike
2-2: Ball
3-2: SINGLE (Groundball, 56)
Jonah Moody to second
Batting: LHB Miguel Martínez 0-0: Foul Ball, location: 2F
0-1: Called Strike
0-2: Ball
1-2: Foul Ball, location: 2F
1-2: DOUBLE (Line Drive, 8RS)
Jonah Moody scores
Christian O'Neal to third
Batting: RHB Brandon Reed 0-0: Fly out, F7 (Line Drive, 7S)
Batting: LHB Rick Watson 0-0: Ball
1-0: Ground out U3 (Groundball, 3)
Top of the 6th over - 1 run(s), 3 hit(s), 0 error(s), 2 left on base; Jersey City 1 - Tortolita 3
BOTTOM OF THE 6TH
Tortolita Drummers batting - Pitching for Jersey City Sun Caps : RHP Jim Unknown
Batting: RHB Jim Harris 0-0: Ball
1-0: Ground out 4-3 (Groundball, 4)
Batting: RHB Ray Whittier 0-0: Called Strike
0-1: Ball
1-1: Foul Ball, location: 2F
1-2: Strikes out swinging
Batting: RHB Dan Lewis 0-0: DOUBLE (Flyball, 78XD)
Pitching: LHP Jim Unknown
Batting: RHB Ron Humboldt 0-0: Swinging Strike
0-1: Foul Ball, location: 2F
0-2: Ball
1-2: Foul Ball, location: 2F
1-2: Ball
2-2: Foul Ball, location: 2F
2-2: Foul Ball, location: 2F
2-2: Strikes out looking
Bottom of the 6th over - 0 run(s), 1 hit(s), 0 error(s), 1 left on base; Jersey City 1 - Tortolita 3
TOP OF THE 7TH
Jersey City Sun Caps batting - Pitching for Tortolita Drummers : RHP Armando Hernández
Batting: RHB Christian O'Dell 0-0: Foul Ball, location: 2F
0-1: Ball
1-1: Ball
2-1: Ball
3-1: Base on Balls
Batting: RHB Tony Quintana 0-0: Foul Ball, location: 2F
0-1: Fly out, F6 (Popup, 7LS)
Batting: RHB Roy Williams 0-0: Fly out, F3 (Popup, 3F)
Batting: RHB Ken Miller 0-0: Swinging Strike
0-1: Foul Ball, location: 2F
0-2: Foul Ball, location: 2F
0-2: Ball
1-2: Fly out, F9 (Flyball, 89M)
Top of the 7th over - 0 run(s), 0 hit(s), 0 error(s), 1 left on base; Jersey City 1 - Tortolita 3
BOTTOM OF THE 7TH
Tortolita Drummers batting - Pitching for Jersey City Sun Caps : LHP Jim Unknown
Batting: LHB Keith Spear 0-0: Called Strike
0-1: Foul Ball, location: 2F
0-2: Ball
1-2: Fly out, F8 (Line Drive, 8LXD)
Batting: LHB Pat McJannett 0-0: Ball
1-0: Foul Ball, location: 2F
1-1: Fly out, F6 (Popup, 6)
Batting: RHB Lonnie Conrad 0-0: Called Strike
0-1: Ball
1-1: Swinging Strike
1-2: Ball
2-2: Ball
3-2: Base on Balls
Batting: LHB Jesse Taylor 0-0: Ball
1-0: Ball
2-0: Called Strike
2-1: Ball
3-1: Foul Ball, location: 2F
3-2: DOUBLE (Line Drive, 9LS)
Lonnie Conrad to third
Lonnie Conrad scores
Batting: RHB Richard Ollivier 0-0: Swinging Strike
0-1: Ball
1-1: Ball
2-1: Ball
3-1: Fly out, F8 (Flyball, 8RM)
Bottom of the 7th over - 1 run(s), 1 hit(s), 0 error(s), 1 left on base; Jersey City 1 - Tortolita 4
TOP OF THE 8TH
Jersey City Sun Caps batting - Pitching for Tortolita Drummers : RHP Armando Hernández
Batting: RHB Jonah Moody 0-0: Ball
1-0: Foul Ball, location: 2F
1-1: Ball
2-1: Reached on error, E5 (Groundball, 56)
Batting: RHB Christian O'Neal 0-0: Ball
1-0: Foul Ball, location: 2F
1-1: Foul Ball, location: 2F
1-2: Ball
2-2: Foul Ball, location: 2F
2-2: Foul Ball, location: 2F
2-2: Ball
3-2: Strikes out swinging
Batting: LHB Miguel Martínez 0-0: Ball
1-0: Called Strike
1-1: Foul Ball, location: 2F
1-2: Foul Ball, location: 2F
1-2: Ground out 4-3 (Groundball, 4M)
Jonah Moody to second
Batting: RHB Brandon Reed 0-0: Called Strike
0-1: Ball
1-1: Ball
2-1: Ball
3-1: Fly out, F7 (Flyball, 7M)
Top of the 8th over - 0 run(s), 0 hit(s), 1 error(s), 1 left on base; Jersey City 1 - Tortolita 4
BOTTOM OF THE 8TH
Tortolita Drummers batting - Pitching for Jersey City Sun Caps : LHP Jim Unknown
Batting: RHB Jim Harris 0-0: Called Strike
0-1: Foul Ball, location: 2F
0-2: Ball
1-2: Ball
2-2: Strikes out swinging
Batting: RHB Ray Whittier 0-0: Ball
1-0: Ball
2-0: Ground out 4-3 (Groundball, 4)
Batting: RHB Dan Lewis 0-0: Called Strike
0-1: Ball
1-1: Ball
2-1: Foul Ball, location: 2F
2-2: Foul Ball, location: 2F
2-2: Ball
3-2: Base on Balls
Batting: RHB Ron Humboldt 0-0: SINGLE (Groundball, 34D)
Dan Lewis to second
Runner from 2nd tries for 3rd, SAFE, no throw or cutoff
Batting: LHB Keith Spear 0-0: Called Strike
0-1: Foul Ball, location: 2F
0-2: Ball
1-2: Ball
2-2: Fly out, F8 (Flyball, 8RM)
Bottom of the 8th over - 0 run(s), 1 hit(s), 0 error(s), 2 left on base; Jersey City 1 - Tortolita 4
TOP OF THE 9TH
Jersey City Sun Caps batting - Pitching for Tortolita Drummers : RHP Armando Hernández
Batting: LHB Rick Watson 0-0: Called Strike
0-1: Foul Ball, location: 2F
0-2: Ball
1-2: Foul Ball, location: 2F
1-2: Ball
2-2: Fly out, F8 (Popup, 4MD)
Batting: RHB Christian O'Dell 0-0: Ball
1-0: Foul Ball, location: 2F
1-1: Foul Ball, location: 2F
1-2: Ground out 6-3 (Groundball, 6)
Batting: RHB Tony Quintana 0-0: Foul Ball, location: 2F
0-1: Swinging Strike
0-2: Strikes out swinging
Top of the 9th over - 0 run(s), 0 hit(s), 0 error(s), 0 left on base; Jersey City 1 - Tortolita 4
This league is powered by Out of the Park Baseball, the baseball management simulation game for PC, Mac and Linux
Friday, October 23rd, 2015 - OOTP Baseball 16.9 Build 39